 Dungeon Crawl Stone Soup version 0.31-a0-858-g469dc525a8 (webtiles) character file.

Game seed: 9009625781830256798

1 BinkBink the Chopper (level 1, -4/20 HPs)
             Began as a Minotaur Berserker on Oct 9, 2023.
             Was a Follower of Trog.
             Slain by a gnoll
             ... wielding a +0 spear
              (8 damage)
             ... on level 1 of the Dungeon.
             The game lasted 00:00:14 (56 turns).

BinkBink the Chopper (Minotaur Berserker)             Turns: 56, Time: 00:00:14

Health: -4/20      AC:  2    Str: 21    XL:     1   Next: 16%
Magic:  0/0        EV: 12    Int:  4    God:    Trog [*.....]
Gold:   0          SH:  0    Dex:  9    Spells: 0/0 levels left

rFire   . . .        a - +0 hand axe
rCold   . . .        (no shield)
rNeg    . . .        b - +0 animal skin
rPois   .            (helmet restricted)
rElec   .            (no cloak)
rCorr   .            (no gloves)
SInv    .            (no boots)
Will    .....        (no amulet)
Stlth   +            (no ring)
HPRegen 0.23/turn    (no ring)
MPRegen 0.07/turn

%: no passive effects
@: no status effects
A: horns 2, retaliatory headbutt
a: Renounce Religion, Berserk


You were on level 1 of the Dungeon.
You worshipped Trog.
Trog was aware of your devotion.
You visited 1 branch of the dungeon, and saw 1 of its levels.

Inventory:

Hand Weapons
 a - a +0 hand axe (weapon)
Armour
 b - a +0 animal skin (worn)
Jewellery
 c - a ring of poison resistance


   Skills:
 + Level 3.6 Fighting
 * Level 3.7 Axes
 - Level 2.4 Armour
 - Level 2.1 Dodging


You couldn't memorise any spells.
You didn't know any spells.
Your spell library was empty.

Dungeon Overview and Level Annotations

Branches:
Dungeon (1/15)

Altars:


Innate Abilities, Weirdness & Mutations

You have a pair of horns on your head.
You reflexively headbutt those who attack you in melee.


Message History

Welcome, BinkBink the Minotaur Berserker.
Will you be the one to retrieve the transcendent Orb of Zot from the depths?
Trog says: Kill them all!
Press ? for a list of commands and other information.
Found a staircase leading out of the dungeon.
Found a spear.
Found a dagger.
c - a ring of poison resistance A gnoll and a bat come into view.
Found a book of Decay.
The gnoll shouts!
You hear a shout!
A bat comes into view.
A hobgoblin comes into view.
There are monsters nearby!
There are monsters nearby!
The bat closely misses you. x2
You closely miss the bat. The bat barely misses you.
The bat closely misses you.
A giant cockroach comes into view.
You hit the bat.
You kill the bat!
Trog accepts your kill. The bat hits you.
Found 3 gold pieces.
The bat closely misses you.
The gnoll hits you from afar with a +0 spear.
You hit the bat.
The bat is severely wounded.
The bat closely misses you.
The gnoll hits you from afar with a +0 spear.
You are too injured to fight recklessly!
You are too injured to fight recklessly!
You are too injured to fight recklessly!
The bat closely misses you. You furiously retaliate!
You headbutt the bat!
You kill the bat!
Trog accepts your kill. The gnoll attacks as it pursues you!
The gnoll hits you from afar with a +0 spear.
* * * LOW HITPOINT WARNING * * *
The gnoll attacks as it pursues you!
The gnoll hits you from afar with a +0 spear!
You die...

... ....
$....
#####g:.###
#.B†B......
#.#.#####...#
#.#g# . #.#.#
#.#@###
#.#...#
#.#.#.#
#.#.#.#
#.....#
##.##### #..#
#.## #.#


You could see a gnoll and a giant cockroach.

Vanquished Creatures
  2 bats (D:1)
2 creatures vanquished.

Notes
Turn   | Place    | Note
-------+----------+-------------------------------------------
     0 | D:1      | BinkBink the Minotaur Berserker began the quest for the
                  | Orb.
     0 | D:1      | Reached XP level 1. HP: 19/19 MP: 0/0
    56 | D:1      | Slain by a gnoll

Illustrated notes

Levels and vault maps discovered:
D:1:      minmay_arrival_hallway, layout_basic, minmay_circled_x

Action                     || total
---------------------------++-------
  Melee: Hand axe          ||     3
 Armour: Animal skin       ||     5
  Dodge: Dodged            ||     7

Table legend: (Time is in decaauts)
 A = Elapsed time spent in this place.
 B = Non-inter-level travel time spent in this place.
 C = Inter-level travel time spent in this place.
 D = Time resting spent in this place.
 E = Time spent auto-exploring this place.
 F = Levels seen in this place.
 G = Mean time per level.
                   A        B        C        D        E       F      G
               +--------+--------+--------+--------+--------+-----+--------+
         Total |     56 |     56 |      0 |      0 |     43 |   1 |   56.0 |
       Dungeon |     56 |     56 |      0 |      0 |     43 |   1 |   56.0 |
               +--------+--------+--------+--------+--------+-----+--------+

Top non-repeatable levels by time:
     D:1: 56 daAuts
